 Dungeon Crawl Stone Soup version 0.27.1-33-g824d729ab1 (webtiles) character file.

Game seed: 7010960463927088843

296 raph the Stinger (level 6, -1/39 (48) HPs)
             Began as a Deep Elf Venom Mage on Dec 9, 2021.
             Slain by a white imp (3 damage)
             ... on level 4 of the Dungeon.
             The game lasted 00:10:32 (5669 turns).

raph the Stinger (Deep Elf Venom Mage)              Turns: 5669, Time: 00:10:33

HP:   -1/39 (48)    AC:  4    Str:  5    XL:     6   Next: 12%
MP:   12/12         EV: 12    Int: 22    God:
Gold: 138           SH:  0    Dex: 15    Spells: 1/11 levels left

rFire    . . .     SeeInvis .   c - +0 short sword (drain)
rCold    + . .     Faith    .   (no shield)
rNeg     . . .     Spirit   .   a - +1 robe
rPois    .         Reflect  .   i - +0 helmet
rElec    .         Harm     .   (no cloak)
rCorr    .         Rampage  .   (no gloves)
Will     .....     Clarity  +   (no boots)
Stlth    ..........             j - amulet of magic regeneration
HPRegen  0.13/turn              (no ring)
MPRegen  0.38/turn              (no ring)

@: berserking, heavily drained, very quick
A: clarity, cold resistance 1, sense surroundings 1, no potion heal 1
a: no special abilities


You were on level 4 of the Dungeon.
You visited 1 branch of the dungeon, and saw 5 of its levels.

You collected 138 gold pieces.

Inventory:

Hand Weapons
 c - a +0 short sword of draining (weapon)
 m - a +0 rapier
Missiles
 f - 7 silver boomerangs
Armour
 a - a +1 robe (worn)
 i - a +0 helmet (worn)
Magical Staves
 d - a staff of death
Jewellery
 j - an amulet of magic regeneration (around neck)
 k - a ring of flight
Potions
 b - a potion of berserk rage
 l - a potion of attraction {unknown}
 n - a potion of curing {unknown}


   Skills:
 - Level 2.4 Dodging
 - Level 2.4 Stealth
 + Level 3.0 Spellcasting
 - Level 1.1 Transmutations
 * Level 7.6 Poison Magic


You had one spell level left.
You knew the following spells:

 Your Spells              Type           Power      Damage    Failure   Level
a - Sting                 Tmut/Pois      88%        1d7       1%          1
b - Poisonous Vapours     Pois/Air       40%        N/A       4%          2
c - Olgreb's Toxic Radia  Pois           36%        N/A       5%          4
d - Mephitic Cloud        Conj/Pois/Air  14%        N/A       13%         3

Your spell library contained the following spells:

 Spells                   Type           Power      Damage    Failure   Level
 Blink                    Tloc           N/A        N/A       19%         2
 Corpse Rot               Necr/Air       N/A        N/A       19%         2
 Sublimation of Blood     Necr           1%         N/A       19%         2
 Call Canine Familiar     Summ           3%         N/A       36%         3
 Lesser Beckoning         Tloc           1%         N/A       36%         3
 Portal Projectile        Hex/Tloc       6%         N/A       36%         3
 Dispel Undead            Necr           3%         3d7       77%         4
 Leda's Liquefaction      Hex/Erth       1%         N/A       77%         4
 Borgnjor's Vile Clutch   Necr/Erth      1%         N/A       98%         5
 Manifold Assault         Tloc           3%         N/A       98%         5
 Borgnjor's Revivificati  Necr           1%         N/A       100%        8
 Infestation              Necr           1%         N/A       100%        8


Dungeon Overview and Level Annotations

Branches:
Dungeon (5/15)
 Temple: D:4-7

Altars:

Annotations:
D:3 Grinder


Innate Abilities, Weirdness & Mutations

You possess an exceptional clarity of mind.
Your flesh is cold resistant. (rC+)
You passively map a small area around you.
Potions are less effective at restoring your health.


Message History

You are too injured to fight recklessly!
You barely miss the necrophage.
You feel sick. The necrophage hits you.
You feel drained.
* * * LOW HITPOINT WARNING * * *
The white imp hits you but does no damage.
You hit the necrophage.
The necrophage is moderately damaged.
The necrophage hits you but does no damage.
The white imp barely misses you.
You closely miss the necrophage.
The necrophage is moderately damaged.
You feel sick. The necrophage completely misses you.
The white imp gestures at you. The puff of frost hits you. You resist.
* * * LOW HITPOINT WARNING * * *
You barely miss the necrophage.
The necrophage is moderately damaged.
You feel sick.
You are no longer poisoned.
You hit the necrophage.
The necrophage is heavily damaged.
The necrophage hits you.
* * * LOW HITPOINT WARNING * * *
The white imp closely misses you.
You closely miss the necrophage.
The necrophage is heavily damaged.
The necrophage hits you.
* * * LOW HITPOINT WARNING * * *
The white imp closely misses you.
You hit the necrophage.
The necrophage is severely damaged.
The necrophage closely misses you. The white imp misses you.
You hit the necrophage.
The necrophage is severely damaged.
You closely miss the necrophage.
The necrophage is severely damaged.
The necrophage hits you.
* * * LOW HITPOINT WARNING * * *
You feel drained. The white imp hits you.
You die...

...........................###
.....##.....#.#.#.#.#.#....##
............................#
............#.#.#.#.#.#.....#
........##.............#....#
.........#..#.#.#.#.#.#######
.......##.....##....#.#
..#.#......###.#.5....#
##..#...........@.....#
#.##............n...##
#.##......##.....>...###
##.##......##......(....#
#...###....##.###......##
#..###......#..#.....### ...#
##..........#....#
...####.........###...#
....##.........#.######


You could see a necrophage and a white imp.

Vanquished Creatures
  A centaur (D:4)
  A bullfrog skeleton (D:4)
  An iguana (D:4)
  A hound skeleton (D:4)
  Robin (D:3)
  4 adders
  A worm (D:3)
  A dart slug (D:2)
  7 orcs (D:3)
  3 bats
  6 endoplasms
  A giant cockroach (D:1)
  10 goblins
  9 hobgoblins
  11 jackals
  4 quokkas
  4 ball pythons
  5 frilled lizards
  8 kobolds
  A rat (D:3)
80 creatures vanquished.

Notes
Turn   | Place    | Note
-------+----------+-------------------------------------------
     0 | D:1      | raph the Deep Elf Venom Mage began the quest for the Orb.
     0 | D:1      | Reached XP level 1. HP: 10/10 MP: 6/6
   221 | D:1      | Reached skill level 4 in Poison Magic
   221 | D:1      | Reached XP level 2. HP: 15/15 MP: 5/8
   525 | D:1      | Found a faded altar of an unknown god.
   731 | D:2      | Learned a level 2 spell: Poisonous Vapours
   866 | D:2      | Reached XP level 3. HP: 12/19 MP: 1/9
  1064 | D:2      | Identified a scroll of acquirement
  1064 | D:2      | Acquired the Incunabulum of Sinister Rituals
  1212 | D:2      | Reached skill level 5 in Poison Magic
  2451 | D:3      | Reached XP level 4. HP: 24/24 MP: 8/10
  2586 | D:3      | Learned a level 4 spell: Olgreb's Toxic Radiance
  3398 | D:3      | Noticed Robin
  3412 | D:3      | Killed Robin
  3414 | D:3      | Reached skill level 6 in Poison Magic
  3889 | D:3      | Noticed Grinder
  3890 | D:3      | Paralysed by Grinder for 2 turns
  4133 | D:4      | Reached XP level 5. HP: 15/28 MP: 9/11
  4896 | D:4      | Reached skill level 7 in Poison Magic
  5096 | D:5      | Entered Level 5 of the Dungeon
  5096 | D:5      | Noticed a centaur
  5096 | D:5      | Noticed a necrophage
  5125 | D:5      | Noticed a wyvern
  5132 | D:4      | Learned a level 3 spell: Mephitic Cloud
  5422 | D:4      | Killed a centaur
  5423 | D:4      | Reached XP level 6. HP: 19/32 MP: 5/12
  5658 | D:4      | Gained mutation: You possess an exceptional clarity of
                  | mind. [potion of mutation]
  5658 | D:4      | Gained mutation: Your flesh is cold resistant. (rC+)
                  | [potion of mutation]
  5658 | D:4      | Gained mutation: Potions are less effective at restoring
                  | your health. [potion of mutation]
  5658 | D:4      | Gained mutation: You passively map a small area around you.
                  | [potion of mutation]
  5658 | D:4      | HP: 1/28 [adder (2)]
  5669 | D:4      | HP: 2/40 [necrophage (2)]
  5669 | D:4      | Slain by a white imp

Illustrated notes

Levels and vault maps discovered:
D:1:      dpeg_arrival_arbitrary_b, layout_basic,
          hellmonk_ecumenical_altar_leap_of_faith
D:2:      layout_loops_corners
D:3:      layout_loops_corners, minmay_misc_feat_diagonals, lemuel_old_faithful,
          uniq_grinder, uniq_robin
D:4:      layout_cave_pools, st_stairs_10
D:5:      kennysheep_spiral_hall, layout_cave_pods,
          mainiacjoe_overflow_boulevard, nicolae_yredelemnul_ghost_church,
          fiery_altar_vehumet, mainiacjoe_overflow_chevrons,
          mainiacjoe_overflow_brackets, cheibrodos_sewer_entry_sluice,
          minivault_4, wad_floor_pattern_untrapped, uniq_eustachio

Skill      XL: |  1  2  3  4  5 |
---------------+----------------+-----
Poison Magic   | 4 5 6 7 |  7.6
Dodging        | |  2.4
Stealth        | |  2.4
Spellcasting   | |  3.0
Transmutations | |  1.1

Action                   |  1- 3 |  4- 6 || total
-------------------------+-------+-------++-------
Melee: Short sword       |    13 |    64 ||    77
       Unarmed           |     1 |       ||     1
 Cast: Sting             |    45 |    23 ||    68
       Poisonous Vapours |    15 |    24 ||    39
       Olgreb's Toxic Ra |       |    11 ||    11
  Use: Scroll            |     8 |     3 ||    11
       Potion            |       |     3 ||     3
 Stab: Sleeping          |       |     1 ||     1
Armor: Robe              |     9 |    25 ||    34
Dodge: Dodged            |    27 |    69 ||    96
